 Dungeon Crawl Stone Soup version 0.31-a0-233-g139696dc86 (webtiles) character file.

Game seed: 5247246234699201151

81 Nietzsche the Poker (level 4, 0/34 HPs)
             Began as a Demonspawn Gladiator on July 8, 2023.
             Killed by divine providence
             ... invoked by an orc priest
              (8 damage)
             ... on level 2 of the Dungeon.
             The game lasted 00:02:58 (1547 turns).

Nietzsche the Poker (Demonspawn Gladiator)          Turns: 1547, Time: 00:03:05

Health: 0/34       AC:  4    Str: 15    XL:     4   Next: 20%
Magic:  5/5        EV: 13    Int: 17    God:
Gold:   110        SH:  4    Dex: 14    Spells: 4/4 levels left

rFire   . . .        a - +0 trident
rCold   . . .        (no shield)
rNeg    . . .        b - +0 leather armour
rPois   .            c - +0 helmet
rElec   .            (no cloak)
rCorr   .            (no gloves)
SInv    .            (no boots)
Will    .....        (no amulet)
Stlth   +            f - +6 ring of intelligence
HPRegen 0.25/turn    (no ring)
MPRegen 0.09/turn

%: no passive effects
@: attractive, hasted, very quick
A: sturdy frame 1, condensation shield
a: no special abilities


You were on level 2 of the Dungeon.
You visited 1 branch of the dungeon, and saw 3 of its levels.

You collected 110 gold pieces.

Inventory:

Hand Weapons
 a - a +0 trident (weapon)
 p - a +0 quarterstaff of draining
Missiles
 d - 3 throwing nets (quivered)
 e - a javelin
Armour
 b - a +0 leather armour (worn)
 c - a +0 helmet (worn)
Jewellery
 f - a +6 ring of intelligence (left hand)
Scrolls
 g - a scroll of noise {unknown}
 l - 3 scrolls of identify {unknown}
 m - 2 scrolls of teleportation {unknown}
Potions
 i - a potion of haste
 j - a potion of enlightenment {unknown}
 k - a potion of brilliance {unknown}
 n - a potion of ambrosia {unknown}
 o - a potion of heal wounds {unknown}


   Skills:
 + Level 2.4 Fighting
 + Level 3.7 Polearms
 - Level 1.9 Throwing
 + Level 0.7 Armour
 + Level 3.1 Dodging
 + Level 0.1 Stealth
 * Level 0.8 Spellcasting


You had 4 spell levels left.
You didn't know any spells.
Your spell library was empty.

Dungeon Overview and Level Annotations

Branches:
Dungeon (3/15)

Altars:


Innate Abilities, Weirdness & Mutations

Your movements are slightly less encumbered by armour. (ER -2)
A meltable shield of frost defends you. (SH +4)


Message History

You closely miss the orc priest.
The orc priest mumbles some strange prayers to Beogh against you.
Beogh smites you! The orc closely misses you.
The orc hits you but does no damage.
You hit the orc priest but do no damage.
The orc priest barely misses you. The orc barely misses you.
The orc closely misses you. The orc priest closely misses you.
The orc hits you with a +0 dagger. You block the orc's attack.
You hit the orc priest but do no damage.
The orc priest barely misses you. The orc hits you with a +0 dagger.
The orc hits you with a +0 whip.
You are too injured to fight recklessly!
You are too injured to fight recklessly!
You are too injured to fight recklessly!
The orc priest barely misses you. The orc hits you with a +0 dagger.
Something hits you but does no damage. The orc closely misses you.
You climb upwards.
Reactivating autopickup.
There is a stone staircase leading down here.
Deactivating autopickup; reactivate with Ctrl-A.
You puncture something! Something hits you.
You barely miss something. Something barely misses you.
You closely miss something. You block something's attack.
You miss something. Something hits you but does no damage.
You barely miss something.
You hear some strange, mumbled words.
A magic dart appears from out of thin air!
The magic dart hits you!
* * * LOW HITPOINT WARNING * * *
You barely miss something. Something hits you but does no damage.
You miss something. Something hits you but does no damage.
It was a potion of haste.
You feel yourself speed up. Something hits you.
* * * LOW HITPOINT WARNING * * *
It was a potion of attraction.
You feel attractive to monsters.
You hear some strange, mumbled words.
Something tries to affect you, but you resist.
The orc priest mumbles some strange prayers to Beogh against you.
Beogh smites you!
You die...

######...###.#####.#
###..
###...........# ###
#####....####
##...#...#
#....###.# #oo###
### #o## #{# #@# ###


You could see an orc priest and 2 orcs.

Vanquished Creatures
  2 adders
  2 dart slugs (D:2)
  5 orcs
  7 endoplasms
  3 goblins
  5 hobgoblins
  3 jackals (D:2)
  3 kobolds
  3 quokkas
  7 ball pythons
  3 bats
  2 frilled lizards
  6 rats
51 creatures vanquished.

Notes
Turn   | Place    | Note
-------+----------+-------------------------------------------
     0 | D:1      | Nietzsche the Demonspawn Gladiator began the quest for the
                  | Orb.
     0 | D:1      | Reached XP level 1. HP: 16/16 MP: 1/1
   140 | D:1      | Gained mutation: A meltable shield of frost defends you.
                  | (SH +4) [demonic ancestry]
   140 | D:1      | Reached XP level 2. HP: 21/22 MP: 2/2
   894 | D:2      | Reached XP level 3. HP: 27/27 MP: 3/3
  1343 | D:3      | Gained mutation: Your movements are slightly less
                  | encumbered by armour. (ER -2) [demonic ancestry]
  1343 | D:3      | Reached XP level 4. HP: 25/34 MP: 4/4
  1547 | D:2      | Killed from afar by an orc priest

Illustrated notes

Levels and vault maps discovered:
D:1:      lightli_arrival_statuegarden, layout_basic
D:2:      layout_rooms
D:3:      layout_basic, zin_academy

Skill      XL: |  1  2 |
---------------+-------+-----
Polearms       | 3 |  3.7
Dodging        | 3 |  3.1
Fighting       | |  2.4
Throwing       | |  1.9
Armour         | |  0.7
Stealth        | |  0.1
Spellcasting   | |  0.8

Action                     |  1- 3 |  4- 6 || total
---------------------------+-------+-------++-------
  Melee: Trident           |   135 |    29 ||   164
    Use: Potion            |       |     2 ||     2
   Stab: Sleeping          |     1 |       ||     1
 Armour: Leather armour    |    26 |     8 ||    34
  Dodge: Dodged            |    59 |    20 ||    79
  Block: Other             |    15 |     8 ||    23

Table legend: (Time is in decaauts)
 A = Elapsed time spent in this place.
 B = Non-inter-level travel time spent in this place.
 C = Inter-level travel time spent in this place.
 D = Time resting spent in this place.
 E = Time spent auto-exploring this place.
 F = Levels seen in this place.
 G = Mean time per level.
                   A        B        C        D        E       F      G
               +--------+--------+--------+--------+--------+-----+--------+
         Total |   1570 |   1520 |     50 |      0 |   1149 |   3 |  523.3 |
       Dungeon |   1570 |   1520 |     50 |      0 |   1149 |   3 |  523.3 |
               +--------+--------+--------+--------+--------+-----+--------+

Top non-repeatable levels by time:
     D:1: 847 daAuts
     D:2: 580 daAuts
     D:3: 141 daAuts
